TOP OF THE 1ST |
Southern Maryland Blue Crabs batting - Pitching for London Majors : RHP Gu Won
|
Pitching: RHP Gu Won
|
|
Batting: LHB Adam Oldfield
|
0-0: Swinging Strike 0-1: Foul Ball, location: 2F 0-2: Ground out 4-3 (Groundball, 34D, EV 103.1 MPH)
|
Batting: RHB Ethan Finke
|
0-0: Ball 1-0: Foul Ball, location: 2F 1-1: Called Strike 1-2: Foul Ball, location: 2F 1-2: Strikes out swinging
|
Batting: RHB Wes Reynolds
|
0-0: Ball 1-0: Foul Ball, location: 2F 1-1: Ground out 6-3 (Groundball, 6M, EV 106.9 MPH)
|
Top of the 1st over - 0 runs, 0 hits, 0 errors, 0 left on base; Southern Maryland 0 - London 0 |
BOTTOM OF THE 1ST |
London Majors batting - Pitching for Southern Maryland Blue Crabs : RHP Mark Lloyd
|
Pitching: RHP Mark Lloyd
|
|
Batting: RHB Stephen Casteel
|
0-0: Ground out 4-3 (Groundball, 4S, EV 85.0 MPH)
|
Batting: RHB Dustin Bargman
|
0-0: Called Strike 0-1: Ball 1-1: Foul Ball, location: 2F 1-2: Fly out, F9 (Flyball, 9, EV 90.6 MPH)
|
Batting: RHB Bill Murray
|
0-0: Fly out, F9 (Flyball, 9S, EV 84.4 MPH)
|
Bottom of the 1st over - 0 runs, 0 hits, 0 errors, 0 left on base; Southern Maryland 0 - London 0 |
TOP OF THE 2ND |
Southern Maryland Blue Crabs batting - Pitching for London Majors : RHP Gu Won
|
Batting: RHB Dave Perron
|
0-0: Foul Ball, location: 2F 0-1: DOUBLE (Line Drive, 89D, EV 104.4 MPH)
|
Batting: SHB Chris Wright
|
0-0: Ball 1-0: Ground out 5-3 (Groundball, 56S, EV 75.6 MPH) Dave Perron to third
|
Batting: RHB Wil Ochoa
|
0-0: 2-RUN HOME RUN (Flyball, 78XD, EV 100.0 MPH), Distance : 425 ft
|
Batting: SHB Carlos Carrillo
|
0-0: Ball 1-0: SINGLE (Groundball, 34D, EV 105.0 MPH)
|
Batting: RHB John Barton
|
0-0: Ball 1-0: Called Strike 1-1: Foul Ball, location: 2F 1-2: Ball 2-2: Ball 3-2: Foul Ball, location: 2F 3-2: Foul Ball, location: 2F 3-2: Foul Ball, location: 2F 3-2: Fly out, F9 (Flyball, 9LM, EV 97.5 MPH)
|
Batting: RHB Manny Hensley
|
0-0: Ground out 5-3 (Groundball, 56S, EV 85.0 MPH)
|
Top of the 2nd over - 2 runs, 3 hits, 0 errors, 1 left on base; Southern Maryland 2 - London 0 |
BOTTOM OF THE 2ND |
London Majors batting - Pitching for Southern Maryland Blue Crabs : RHP Mark Lloyd
|
Batting: LHB Kurt Estep
|
0-0: Called Strike 0-1: Ground out 1-3 (Groundball, P, EV 70.6 MPH)
|
Batting: RHB Mike Chamberlain
|
0-0: Ball 1-0: Ball 2-0: Foul Ball, location: 2F 2-1: Foul Ball, location: 2F 2-2: Ball 3-2: Foul Ball, location: 2F 3-2: Base on Balls
|
Batting: LHB Eric Toney
|
0-0: Called Strike 0-1: Ball 1-1: Ball Mike Chamberlain steals 2nd base 2-1: SINGLE (Line Drive, 9S, EV 87.5 MPH) Mike Chamberlain to third Runner from 3rd tries for Home, throw by RF and OUT! 9-2 Eric Toney to second
|
Batting: RHB Shunsuke Shiba Inu
|
0-0: Ball 1-0: Ball 2-0: Called Strike 2-1: Ground out 6-3 (Groundball, 6MD, EV 98.8 MPH)
|
Bottom of the 2nd over - 0 runs, 1 hit, 0 errors, 1 left on base; Southern Maryland 2 - London 0 |
TOP OF THE 3RD |
Southern Maryland Blue Crabs batting - Pitching for London Majors : RHP Gu Won
|
Batting: LHB Adam Oldfield
|
0-0: Ball 1-0: Ball 2-0: Ball 3-0: Called Strike 3-1: Base on Balls
|
Batting: RHB Ethan Finke
|
0-0: Foul Ball, location: 2F 0-1: Ball 1-1: Ball 2-1: Called Strike 2-2: Ball 3-2: Base on Balls Adam Oldfield to second
|
Batting: RHB Wes Reynolds
|
0-0: Ball 1-0: Ball 2-0: Grounds into double play, 5-4-3 (Groundball, 56, EV 83.8 MPH) Adam Oldfield to third
|
Batting: RHB Dave Perron
|
0-0: Ground out 6-3 (Groundball, 6, EV 86.9 MPH)
|
Top of the 3rd over - 0 runs, 0 hits, 0 errors, 1 left on base; Southern Maryland 2 - London 0 |
BOTTOM OF THE 3RD |
London Majors batting - Pitching for Southern Maryland Blue Crabs : RHP Mark Lloyd
|
Batting: RHB Terry Plumley
|
0-0: Reached on error, E8 (Flyball, 78D, EV 77.5 MPH)
|
Batting: RHB Mikey Sano
|
0-0: Called Strike 0-1: Foul Ball, location: 2F 0-2: Strikes out swinging
|
Batting: RHB Stephen Casteel
|
0-0: Ball 1-0: Fly out, F8 (Line Drive, 8LS, EV 105.6 MPH)
|
Batting: RHB Dustin Bargman
|
0-0: Called Strike 0-1: Ball 1-1: Ball 2-1: Ball 3-1: Base on Balls Terry Plumley to second
|
Batting: RHB Bill Murray
|
0-0: Foul Ball, location: 2F 0-1: Ball 1-1: Fly out, F8 (Line Drive, 8RD, EV 92.5 MPH)
|
Bottom of the 3rd over - 0 runs, 0 hits, 1 error, 2 left on base; Southern Maryland 2 - London 0 |
TOP OF THE 4TH |
Southern Maryland Blue Crabs batting - Pitching for London Majors : RHP Gu Won
|
Batting: SHB Chris Wright
|
0-0: Called Strike 0-1: Called Strike 0-2: Ball 1-2: Ball 2-2: Ball 3-2: Base on Balls
|
Batting: RHB Wil Ochoa
|
0-0: Ball 1-0: Foul Ball, location: 2F 1-1: SINGLE (Groundball, 4MD, EV 96.2 MPH) Chris Wright to second Runner from 2nd tries for 3rd, OUT after rundown.
|
Batting: SHB Carlos Carrillo
|
0-0: Ball 1-0: Ball 2-0: Foul Ball, location: 2F 2-1: Swinging Strike 2-2: Fly out, F6 (Popup, 6S, EV 61.9 MPH)
|
Batting: RHB John Barton
|
0-0: Called Strike 0-1: Called Strike 0-2: Ball 1-2: Ball 2-2: Ball 3-2: Strikes out swinging
|
Top of the 4th over - 0 runs, 1 hit, 0 errors, 1 left on base; Southern Maryland 2 - London 0 |
BOTTOM OF THE 4TH |
London Majors batting - Pitching for Southern Maryland Blue Crabs : RHP Mark Lloyd
|
Batting: LHB Kurt Estep
|
0-0: Called Strike 0-1: Ball 1-1: Ground out 5-3 (Groundball, 56, EV 86.2 MPH)
|
Batting: RHB Mike Chamberlain
|
0-0: Ball 1-0: SINGLE (Line Drive, 3D, EV 96.9 MPH)
|
Batting: LHB Eric Toney
|
0-0: Ball Mike Chamberlain is caught stealing 2nd base 2-6 1-0: Swinging Strike 1-1: Fly out, F8 (Line Drive, 8LD, EV 86.2 MPH)
|
Bottom of the 4th over - 0 runs, 1 hit, 0 errors, 0 left on base; Southern Maryland 2 - London 0 |
TOP OF THE 5TH |
Southern Maryland Blue Crabs batting - Pitching for London Majors : RHP Gu Won
|
Batting: RHB Manny Hensley
|
0-0: Called Strike 0-1: Ball 1-1: Called Strike 1-2: Strikes out swinging
|
Batting: LHB Adam Oldfield
|
0-0: Ball 1-0: Swinging Strike 1-1: Ground out 4-3 (Groundball, 4, EV 110.6 MPH)
|
Batting: RHB Ethan Finke
|
0-0: Ground out 4-3 (Groundball, 4S, EV 78.1 MPH)
|
Top of the 5th over - 0 runs, 0 hits, 0 errors, 0 left on base; Southern Maryland 2 - London 0 |
BOTTOM OF THE 5TH |
London Majors batting - Pitching for Southern Maryland Blue Crabs : RHP Mark Lloyd
|
Batting: RHB Shunsuke Shiba Inu
|
0-0: Fly out, F8 (Flyball, 8RD, EV 109.4 MPH)
|
Batting: RHB Terry Plumley
|
0-0: Ball 1-0: Foul Ball, location: 2F 1-1: Fly out, F7 (Flyball, 7, EV 84.4 MPH)
|
Batting: RHB Mikey Sano
|
0-0: Fly out, F9 (Flyball, 9, EV 75.0 MPH)
|
Bottom of the 5th over - 0 runs, 0 hits, 0 errors, 0 left on base; Southern Maryland 2 - London 0 |
TOP OF THE 6TH |
Southern Maryland Blue Crabs batting - Pitching for London Majors : RHP Gu Won
|
Batting: RHB Wes Reynolds
|
0-0: Ball 1-0: Fly out, F4 (Popup, 34S, EV 87.5 MPH)
|
Batting: RHB Dave Perron
|
0-0: Called Strike 0-1: Ball 1-1: Fly out, F6 (Popup, 6MD, EV 61.2 MPH)
|
Batting: SHB Chris Wright
|
0-0: Ball 1-0: Ball 2-0: Called Strike 2-1: Foul Ball, location: 2F 2-2: Foul Ball, location: 2F 2-2: Ball 3-2: Base on Balls
|
Batting: RHB Wil Ochoa
|
0-0: Ball 1-0: Ball 2-0: Called Strike 2-1: Swinging Strike 2-2: Ball 3-2: Strikes out swinging
|
Top of the 6th over - 0 runs, 0 hits, 0 errors, 1 left on base; Southern Maryland 2 - London 0 |
BOTTOM OF THE 6TH |
London Majors batting - Pitching for Southern Maryland Blue Crabs : RHP Mark Lloyd
|
Batting: RHB Stephen Casteel
|
0-0: Foul Ball, location: 2F 0-1: Ball 1-1: Foul Ball, location: 2F 1-2: Foul Ball, location: 2F 1-2: Ball 2-2: Strikes out looking
|
Batting: RHB Dustin Bargman
|
0-0: Ball 1-0: SINGLE (Groundball, 34D, EV 99.4 MPH)
|
Batting: RHB Bill Murray
|
0-0: Ball Dustin Bargman steals 2nd base 1-0: Ball 2-0: Called Strike 2-1: Ground out 6-3 (Groundball, 6, EV 86.9 MPH) Dustin Bargman to third
|
Batting: LHB Kurt Estep
|
0-0: Ball 1-0: Ball 2-0: Called Strike 2-1: Ground out U3 (Groundball, 3, EV 100.6 MPH)
|
Bottom of the 6th over - 0 runs, 1 hit, 0 errors, 1 left on base; Southern Maryland 2 - London 0 |
TOP OF THE 7TH |
Southern Maryland Blue Crabs batting - Pitching for London Majors : RHP Gu Won
|
Batting: SHB Carlos Carrillo
|
0-0: Foul Ball, location: 2F 0-1: Foul Ball, location: 2F 0-2: Ball 1-2: Strikes out swinging
|
Batting: RHB John Barton
|
0-0: Ball 1-0: Ball 2-0: Ball 3-0: Called Strike 3-1: Called Strike 3-2: SINGLE (Flyball, 3D, EV 95.6 MPH)
|
Batting: RHB Manny Hensley
|
0-0: Ball 1-0: Foul Ball, location: 2F 1-1: Foul Ball, location: 2F 1-2: Fly out, F9 (Flyball, 9, EV 81.9 MPH)
|
Batting: LHB Adam Oldfield
|
0-0: Called Strike John Barton is caught stealing 2nd base 2-6
|
Top of the 7th over - 0 runs, 1 hit, 0 errors, 0 left on base; Southern Maryland 2 - London 0 |
BOTTOM OF THE 7TH |
London Majors batting - Pitching for Southern Maryland Blue Crabs : RHP Mark Lloyd
|
Batting: RHB Mike Chamberlain
|
0-0: Ball 1-0: Swinging Strike 1-1: Swinging Strike 1-2: Ball 2-2: Ball 3-2: Base on Balls
|
Batting: LHB Eric Toney
|
0-0: Ball 1-0: Called Strike 1-1: Ball Mike Chamberlain is caught stealing 2nd base 2-6 2-1: Ball 3-1: Ground out 5-3 (Groundball, 56, EV 85.0 MPH)
|
Batting: RHB Shunsuke Shiba Inu
|
0-0: Fly out, F9 (Flyball, 9LM, EV 90.6 MPH)
|
Bottom of the 7th over - 0 runs, 0 hits, 0 errors, 0 left on base; Southern Maryland 2 - London 0 |
TOP OF THE 8TH |
Southern Maryland Blue Crabs batting - Pitching for London Majors : RHP Gu Won
|
Batting: LHB Adam Oldfield
|
0-0: Ball 1-0: Called Strike 1-1: Ball 2-1: Foul Ball, location: 2F 2-2: Foul Ball, location: 2F 2-2: Fly out, F7 (Flyball, 78D, EV 101.9 MPH)
|
Batting: RHB Ethan Finke
|
0-0: Ball 1-0: Foul Ball, location: 2F 1-1: Ground out 6-3 (Groundball, 6, EV 82.5 MPH)
|
Batting: RHB Wes Reynolds
|
0-0: DOUBLE (Flyball, 78XD, EV 96.2 MPH)
|
Pitching: RHP Steve Schultz
|
|
Batting: RHB Dave Perron
|
0-0: Called Strike 0-1: Foul Ball, location: 2F 0-2: Ball 1-2: Foul Ball, location: 2F 1-2: Strikes out swinging
|
Top of the 8th over - 0 runs, 1 hit, 0 errors, 1 left on base; Southern Maryland 2 - London 0 |
BOTTOM OF THE 8TH |
London Majors batting - Pitching for Southern Maryland Blue Crabs : RHP Mark Lloyd
|
Pitching: RHP Nick Hodge
|
|
Batting: RHB Terry Plumley
|
0-0: Called Strike 0-1: Foul Ball, location: 2F 0-2: Ball 1-2: Ball 2-2: Ball 3-2: Strikes out swinging
|
Batting: RHB Mikey Sano
|
0-0: Ball 1-0: Foul Ball, location: 2F 1-1: Foul Ball, location: 2F 1-2: Foul Ball, location: 2F 1-2: Strikes out swinging
|
Pinch Hitting: SHB Kevin Watson
|
0-0: Swinging Strike 0-1: Ball 1-1: Ball 2-1: Foul Ball, location: 2F 2-2: Strikes out swinging
|
Bottom of the 8th over - 0 runs, 0 hits, 0 errors, 0 left on base; Southern Maryland 2 - London 0 |
TOP OF THE 9TH |
Southern Maryland Blue Crabs batting - Pitching for London Majors : RHP Steve Schultz
|
Now at 3B: Kevin Watson
|
|
Now at SS: Dustin Bargman
|
|
Batting: SHB Chris Wright
|
0-0: Ball 1-0: Called Strike 1-1: Ball 2-1: Foul Ball, location: 2F 2-2: Ball 3-2: Strikes out swinging
|
Batting: RHB Wil Ochoa
|
0-0: Ball 1-0: Swinging Strike 1-1: Called Strike 1-2: Ball 2-2: Strikes out looking
|
Batting: SHB Carlos Carrillo
|
0-0: Ball 1-0: Ground out 4-3 (Groundball, 4S, EV 86.2 MPH)
|
Top of the 9th over - 0 runs, 0 hits, 0 errors, 0 left on base; Southern Maryland 2 - London 0 |
BOTTOM OF THE 9TH |
London Majors batting - Pitching for Southern Maryland Blue Crabs : RHP Nick Hodge
|
Pitching: RHP Harley Hyde
|
|
Now at 1B: Tony Fernandez
|
|
Now in LF: John Barton
|
|
Now in CF: Antonio Gutierrez
|
|
Batting: RHB Dustin Bargman
|
0-0: Ball 1-0: Ground out 1-3 (Groundball, P, EV 75.6 MPH)
|
Pinch Hitting: SHB Dominik Hasek II
|
0-0: Ball 1-0: Foul Ball, location: 2F 1-1: Foul Ball, location: 2F 1-2: SOLO HOME RUN (Flyball, 7D, EV 95.6 MPH), Distance : 365 ft
|
Batting: LHB Kurt Estep
|
0-0: Called Strike 0-1: Ball 1-1: Ball 2-1: Ground out 4-3 (Groundball, 4, EV 103.8 MPH)
|
Pinch Hitting: SHB Zach Hillard
|
0-0: Swinging Strike 0-1: Swinging Strike 0-2: Ball 1-2: Ball 2-2: Strikes out swinging
|
Bottom of the 9th over - 1 run, 1 hit, 0 errors, 0 left on base; Southern Maryland 2 - London 1 |
|